 Dungeon Crawl Stone Soup version 0.28.0-53-g5a82cb258f (webtiles) character file.

Game seed: 12120965060674373840

34 protoss039 the Digger (level 3, 0/26 HPs)
             Began as a Demonspawn Earth Elementalist on June 15, 2022.
             Succumbed to an adder's poison
             ... on level 2 of the Dungeon.
             The game lasted 00:01:51 (1764 turns).

protoss039 the Digger (DsEE)                        Turns: 1764, Time: 00:01:52

Health: 0/26       AC:  3    Str:  7 (8)  XL:     3   Next: 14%
Magic:  4/6        EV: 12    Int: 19 (20) God:
Gold:   57         SH:  0    Dex: 11 (13) Spells: 3/6 levels left

rFire   . . .      SeeInvis .   d - +0 club
rCold   . . .      Faith    .   (no shield)
rNeg    . . .      Spirit   .   b - +0 robe
rPois   .          Reflect  .   (no helmet)
rElec   .          Harm     .   (no cloak)
rCorr   .          Rampage  .   (no gloves)
Will    .....                   (no boots)
Stlth   ++........              (no amulet)
HPRegen 0.08/turn               (no ring)
MPRegen 0.10/turn               (no ring)

@: lethally poisoned (0 -> -1)
A: foul stench 2, claws 1, clever 1, shaggy fur 1, no potion heal 1
a: no special abilities


You were on level 2 of the Dungeon.
You visited 1 branch of the dungeon, and saw 2 of its levels.

You collected 57 gold pieces.

Inventory:

Hand Weapons
 d - a +0 club (weapon)
Missiles
 c - 56 stones
Armour
 b - a +0 robe (worn)
Scrolls
 f - a scroll of fear {unknown}
 g - a scroll of identify {unknown}
 h - a scroll of teleportation {unknown}


   Skills:
 * Level 1.6 Fighting
 + Level 0.9 Armour
 - Level 1.7 Dodging
 - Level 1.7 Stealth
 + Level 2.3 Spellcasting
 - Level 1.0 Transmutations
 + Level 3.0 Earth Magic


You had 3 spell levels left.
You knew the following spells:

 Your Spells              Type           Power      Damage    Failure   Level
a - Sandblast             Erth           26%        2d8       4%          1
b - Passwall              Tmut/Erth      7%         N/A       11%         2

Your spell library contained the following spells:

 Spells                   Type           Power      Damage    Failure   Level
 Stone Arrow              Conj/Erth      14%        3d7       26%         3
 Gell's Gravitas          Tloc           2%         N/A       45%         3
 Lesser Beckoning         Tloc           2%         N/A       45%         3
 Teleport Other           Tloc           2%         N/A       45%         3
 Petrify                  Tmut/Erth      9%         N/A       58%         4


Dungeon Overview and Level Annotations

Branches:
Dungeon (2/15)

Altars:


Innate Abilities, Weirdness & Mutations

You sometimes emit foul miasma when damaged in melee.
You have sharp fingernails.
Your mind is acute. (Int +2)
You are covered in fur. (AC +1)
Potions are less effective at restoring your health.


Message History

Aiming: Sandblast (safe; 6% risk of failure)
Press: ? - help, Shift-Dir - straight line, f - adder
Aim: an adder (foul pestilence, severely wounded, very poisoned, 66% to hit)
The blast of sand hits the adder.
You kill the adder!
* * * LOW HITPOINT WARNING * * *
You feel sick.
Your Earth Magic skill increases to level 3!
You have reached level 3!
Your experience leads to an increase in your attributes!
Increase (S)trength, (I)ntelligence, or (D)exterity?
You feel clever. x2; Your demonic ancestry asserts itself...
Your foul stench grows more powerful.
Unknown command.
* * * LOW HITPOINT WARNING * * *
You feel sick.
* * * LOW HITPOINT WARNING * * *
You feel sick.
It was a potion of degeneration.
There was something very wrong with that liquid.
You feel weakened.
You feel dopey.
You feel clumsy.
* * * LOW HITPOINT WARNING * * *
You feel sick.
Unknown command.
It was a potion of mutation.
You feel extremely strange. Fur sprouts all over your body.
Your fingernails lengthen.
Your system partially rejects the healing effects of potions.
You feel clever.
* * * LOW HITPOINT WARNING * * *
You feel sick.
Unknown command.
Okay, then.
You aren't carrying any pieces of jewellery.
Unknown command.
Okay, then.
* * * LOW HITPOINT WARNING * * *
You feel sick.
* * * LOW HITPOINT WARNING * * *
You feel sick.
You die...

#..............#
#.###..##..###.# #.#
#..##..# #.# #.# #..##..#
#.# #.# #..##..###.#####.#
###.###................#
#...>.####...###†.......
.##.....###.....##.###...
#...........<.@............
####.....###.....######....
#.....####...## ..
###.........## ###########


There were no monsters in sight!

Vanquished Creatures
  An adder (D:2)
  A dart slug (D:1)
  An endoplasm (D:1)
  A giant cockroach (D:1)
  5 goblins (D:1)
  5 hobgoblins (D:1)
  A quokka (D:1)
  A ball python (D:1)
  3 bats (D:1)
  A frilled lizard (D:1)
  A kobold (D:1)
21 creatures vanquished.

Notes
Turn   | Place    | Note
-------+----------+-------------------------------------------
     0 | D:1      | protoss039 the Demonspawn Earth Elementalist began the
                  | quest for the Orb.
     0 | D:1      | Reached XP level 1. HP: 13/13 MP: 3/3
    38 | D:1      | Reached skill level 1 in Transmutations
   490 | D:1      | Reached skill level 1 in Fighting
   490 | D:1      | Gained mutation: You may rarely emit foul miasma when
                  | damaged in melee. [demonic ancestry]
   490 | D:1      | Reached XP level 2. HP: 11/21 MP: 0/5
   692 | D:1      | Found a faded altar of an unknown god.
  1714 | D:1      | Learned a level 2 spell: Passwall
  1758 | D:2      | Reached skill level 3 in Earth Magic
  1758 | D:2      | Gained mutation: You sometimes emit foul miasma when
                  | damaged in melee. [demonic ancestry]
  1758 | D:2      | Reached XP level 3. HP: 6/26 MP: 4/6
  1761 | D:2      | Gained mutation: You are covered in fur. (AC +1) [potion of
                  | mutation]
  1761 | D:2      | Gained mutation: You have sharp fingernails. [potion of
                  | mutation]
  1761 | D:2      | Gained mutation: Potions are less effective at restoring
                  | your health. [potion of mutation]
  1761 | D:2      | Gained mutation: Your mind is acute. (Int +2) [potion of
                  | mutation]
  1763 | D:2      | HP: 1/26 [poisoned by an adder]
  1764 | D:2      | Succumbed to an adder's poison

Illustrated notes

Levels and vault maps discovered:
D:1:      lightli_iron_boxes, layout_loops_cross, nicolae_ecumenical_lake_church
D:2:      layout_loops_ring, basic_altar

Skill      XL: |  1  2 |
---------------+-------+-----
Transmutations | 1 |  1.0
Fighting       | 1 |  1.6
Earth Magic    | 3 |  3.0
Armour         | |  0.9
Dodging        | |  1.7
Stealth        | |  1.7
Spellcasting   | |  2.3

Action                   || total
-------------------------++-------
Melee: Club              ||    59
       Punch             ||     1
 Cast: Sandblast         ||    11
  Use: Potion            ||     2
 Stab: Sleeping          ||     4
Armor: Robe              ||    15
Dodge: Dodged            ||    36
